 Dungeon Crawl Stone Soup version 0.30-a0-756-gc2185399d4 (console) character file.

Game seed: 7548021655089997613

27 rlgrobin the Firebug (level 2, -3/21 HPs)
             Began as a Demonspawn Wanderer on Feb 9, 2023.
             Killed from afar by Sigmund (7 damage)
             ... with a puff of flame
             ... on level 2 of the Dungeon.
             The game lasted 00:03:22 (1172 turns).

rlgrobin the Firebug (Demonspawn Wanderer)          Turns: 1172, Time: 00:03:22

Health: -3/21      AC:  2    Str:  8 (11) XL:     2   Next: 93%
Magic:  5/5        EV: 16    Int: 10 (13) God:
Gold:   73         SH:  0    Dex: 10 (13) Spells: 4/5 levels left

rFire   . . .      SeeInvis .    a - +0 hand axe (venom)
rCold   . . .      Faith    .    d - +0 buckler
rNeg    . . .      Spirit   .    c - +0 robe
rPois   .          Reflect  .    (no helmet)
rElec   .          Harm     .    (no cloak)
rCorr   .          Rampage  .    (no gloves)
Will    .....                    (no boots)
Stlth   +                        (no amulet)
HPRegen 0.23/turn                j - +5 ring of evasion
MPRegen 0.09/turn                (no ring)

@: confused, brilliant
A: demonic magic 1
a: no special abilities


You were on level 2 of the Dungeon.
You visited 1 branch of the dungeon, and saw 2 of its levels.

You collected 73 gold pieces.

Inventory:

Hand Weapons
 a - a +0 hand axe of venom (weapon)
 l - a +0 dagger
Missiles
 i - 2 throwing nets (quivered)
Armour
 c - a +0 robe (worn)
 d - a +0 buckler (worn)
Magical Staves
 k - a staff of poison
Jewellery
 j - a +5 ring of evasion (left hand)
Wands
 n - a wand of flame (13)
Scrolls
 e - a scroll of silence {unknown}
 f - a scroll of vulnerability {unknown}
 h - a scroll of identify {unknown}
Potions
 b - a potion of haste


   Skills:
 - Level 1.0 Fighting
 - Level 1.0 Dodging
 - Level 2.6 Shields
 - Level 2.0 Spellcasting
 + Level 1.7 Conjurations
 + Level 3.2 Fire Magic


You had 4 spell levels left.
You knew the following spells:

 Your Spells              Type           Power      Damage    Failure   Level
a - Foxfire               Conj/Fire      36%        2x1d5     14%         1

Your spell library contained the following spells:

 Spells                   Type           Power      Damage    Failure   Level
 Scorch                   Fire           22%        2d6       16%         2
 Sting                    Tmut/Pois      4%         1d3       38%         1
 Ensorcelled Hibernation  Hex/Ice        2%         N/A       52%         2
 Passwall                 Tmut/Erth      0%         N/A       52%         2
 Kindle Blastsparks       Fire/Tloc/Air  8%         2d10      61%         3
 Spider Form              Tmut/Pois      1%         N/A       77%         3
 Swiftness                Air            1%         N/A       77%         3


Dungeon Overview and Level Annotations

Branches:
Dungeon (2/15)

Altars:

Annotations:
D:2 Sigmund


Innate Abilities, Weirdness & Mutations

Spells you cast may paralyse adjacent enemies.


Message History

You hit the hobgoblin.
The hobgoblin is poisoned.
The hobgoblin is severely wounded.
The hobgoblin barely misses you. The hobgoblin closely misses you.
Casting: Foxfire (safe; 12% risk of failure)
Confirm with . or Enter, or press ? or * to list all spells.
You conjure some foxfire!
Malevolent energies surge around you.
You kill the hobgoblin!
The foxfire hits Sigmund.
Sigmund is lightly wounded.
The foxfire hits Sigmund.
Sigmund is lightly wounded.
Sigmund casts a spell.
Sigmund flickers and vanishes!
Deactivating autopickup; reactivate with Ctrl-A.
You hear some strange, mumbled words.
You are confused.
You're too confused to cast spells.
A puff of flame appears from out of thin air!
The puff of flame misses you.
You hear some strange, mumbled words.
You are more confused.
A magic dart appears from out of thin air!
The magic dart hits you!
You're too confused to move!
You bump into the translucent rock wall.
You hear some strange, mumbled words.
A puff of flame appears from out of thin air!
The puff of flame hits you! Something hits you.
* * * LOW HITPOINT WARNING * * *
It was a potion of degeneration.
There was something very wrong with that liquid.
You feel weakened.
You feel dopey.
You feel clumsy. Something hits you but does no damage.
It was a potion of brilliance.
You feel clever all of a sudden.
You hear some strange, mumbled words.
A puff of flame appears from out of thin air!
The puff of flame hits you!
You die...

#......# #.##.#.# #......#
.# .. #....#.. #......# .#
.. ######## +......# #.#..
#....#.. #......###.#.#
#.##.#.# #......#...#.##.
... #.#.#
#...†..#.....##.### #.#.#
#######{.....#...# #.#.#
######..@...#...#####.#.#
...>.>.......+...##....#..
######.#.#.#.#...##.######
#.......#...##.######
#.#.#.#.#...#........
#....................
######.#.#.#......#.#.#.#.
.........)...#............
..................#.#.#.#.


There were no monsters in sight!

Vanquished Creatures
  2 worms (D:2)
  A dart slug (D:2)
  2 ball pythons
  A bat (D:2)
  3 endoplasms
  A giant cockroach (D:1)
  A goblin (D:2)
  A hobgoblin (D:2)
  2 frilled lizards
  6 rats
20 creatures vanquished.

Vanquished Creatures (others)
  37 foxfires
37 creatures vanquished.

Grand Total: 57 creatures vanquished

Notes
Turn   | Place    | Note
-------+----------+-------------------------------------------
     0 | D:1      | rlgrobin the Demonspawn Wanderer began the quest for the
                  | Orb.
     0 | D:1      | rlgrobin set off with the following items: a +0 dagger, a
                  | potion of haste, a +0 robe, a +0 buckler; and the following
                  | spells available to memorise: Scorch, Foxfire, Sting,
                  | Kindle Blastsparks, Spider Form.
     0 | D:1      | Reached XP level 1. HP: 15/15 MP: 3/3
     2 | D:1      | Learned a level 1 spell: Foxfire
   501 | D:1      | Reached skill level 1 in Conjurations
   566 | D:1      | Reached skill level 3 in Fire Magic
   566 | D:1      | Gained mutation: Spells you cast may paralyse adjacent
                  | enemies. [demonic ancestry]
   566 | D:1      | Reached XP level 2. HP: 21/21 MP: 3/5
  1156 | D:2      | Noticed Sigmund
  1172 | D:2      | Killed from afar by Sigmund

Illustrated notes

Levels and vault maps discovered:
D:1:      heliophobic_arrival_glass_houses, layout_basic
D:2:      layout_basic, serial_co_window_serial, co_window_of_opportunity_a,
          co_window_corner_a, co_window_of_opportunity_a, co_window_paths_a,
          co_window_of_opportunity_a, co_window_corner_a,
          co_window_unsneaky_path_a, co_window_corner_cb, co_window_paths_c,
          co_window_2corner, co_window_4corner_a, co_window_paths_e,
          glass_columns_b, glass_columns_a, glass_columns_c, glass_columns_c,
          glass_columns_a, grunt_decor_cap, chequers_serial_rivers_room_a,
          uniq_sigmund

Skill      XL: |  1 |
---------------+----+-----
Conjurations   | 1 |  1.7
Fire Magic     | 3 |  3.2
Fighting       | |  1.0
Dodging        | |  1.0
Shields        | |  2.6
Spellcasting   | |  2.0

Action                     || total
---------------------------++-------
  Melee: Dagger            ||    12
         Hand axe          ||    16
   Cast: Foxfire           ||    20
    Use: Potion            ||     2
 Armour: Robe              ||     2
  Dodge: Dodged            ||    19
  Block: Buckler           ||     6

Table legend: (Time is in decaauts)
 A = Elapsed time spent in this place.
 B = Non-inter-level travel time spent in this place.
 C = Inter-level travel time spent in this place.
 D = Time resting spent in this place.
 E = Time spent auto-exploring this place.
 F = Levels seen in this place.
 G = Mean time per level.
                   A        B        C        D        E       F      G
               +--------+--------+--------+--------+--------+-----+--------+
         Total |   1176 |   1140 |     36 |     17 |    904 |   2 |  588.0 |
       Dungeon |   1176 |   1140 |     36 |     17 |    904 |   2 |  588.0 |
               +--------+--------+--------+--------+--------+-----+--------+

Top non-repeatable levels by time:
     D:1: 703 daAuts
     D:2: 472 daAuts
